 Dungeon Crawl Stone Soup version 0.22-a0-389-g8519d86 (webtiles) character file.

5419 erloom the Grappler (level 10, -4/106 (107) HPs)
             Began as a Troll Fighter on Apr 30, 2018.
             Was a Believer of Uskayaw.
             Slain by a 16-headed hydra (5 damage)
             ... on level 1 of the Lair of Beasts.
             The game lasted 00:16:21 (7004 turns).

erloom the Grappler (Troll Fighter)                 Turns: 7004, Time: 00:16:22

HP:   -4/106 (107)  AC:  6    Str: 26    XL:     10   Next: 40%
MP:   10/10         EV:  8    Int:  7    God:    Uskayaw [**....]
Gold: 300           SH: 11    Dex:  9    Spells: 9/9 levels left

rFire    + . .     SeeInvis +     - Unarmed
rCold    . . .     Gourm    +   w - +2 shield
rNeg     . . .     Faith    .   a - +0 robe
rPois    .         Spirit   .   (helmet restricted)
rElec    .         Reflect  .   D - +0 cloak
rCorr    .         Harm     .   (gloves unavailable)
MR       .....                  (boots unavailable)
Stlth    +.........             (no amulet)
HPRegen  0.67/turn              P - ring of see invisible
MPRegen  0.12/turn              C - ring of protection from fire

@: no status effects
A: large, unfitting armour, claws 3, fast metabolism 3, gourmand, regeneration
1, shaggy fur 1, tough skin 2
a: Stomp, Line Pass, Renounce Religion


You were on level 1 of the Lair of Beasts.
You worshipped Uskayaw.
Uskayaw was noncommittal.
You were very full.

You visited 3 branches of the dungeon, and saw 10 of its levels.

You collected 300 gold pieces.

Inventory:

Hand Weapons
 x - a +1 hunting sling of velocity
 z - a +1 hunting sling of flaming
Missiles
 f - 7 javelins (quivered)
 t - 12 tomahawks
 y - 177 stones
Armour
 a - a +0 robe (worn)
 b - a +0 shield
 w - a +2 shield (worn)
 B - a +0 large shield
 D - a +0 cloak (worn)
Jewellery
 C - a ring of protection from fire (right claw)
 O - a +3 ring of dexterity
 P - a ring of see invisible (left claw)
Wands
 j - a wand of clouds (2)
 G - a wand of acid (10)
 H - a wand of polymorph (9)
 K - a wand of disintegration (27)
 N - a wand of flame (50)
 Q - a wand of iceblast (5)
 R - a wand of paralysis (17)
Scrolls
 h - a scroll of magic mapping {unknown}
 k - 3 scrolls of amnesia {unknown}
 l - 3 scrolls of enchant weapon {unknown}
 m - 4 scrolls of enchant armour {unknown}
 n - 2 scrolls of random uselessness {unknown}
 q - a scroll of immolation {unknown}
 r - 2 scrolls of fear {unknown}
 s - 4 scrolls of teleportation {unknown}
 v - 4 scrolls of remove curse {unknown}
 A - a scroll of blinking {unknown}
 F - a scroll of silence {unknown}
 M - 2 scrolls of identify
 S - a scroll of brand weapon {unknown}
Potions
 c - 2 potions of might
 e - a potion of magic
 g - 5 potions of heal wounds
 i - 5 potions of curing {unknown}
 o - a potion of agility
 p - a potion of flight
 u - 2 potions of lignification
 E - 3 potions of mutation {unknown}
 I - 4 potions of brilliance {unknown}
 L - a potion of resistance {unknown}
Comestibles
 d - 26 rations


   Skills:
 + Level 9.6 Fighting
 - Level 2.0 Armour
 - Level 3.0 Dodging
 - Level 3.0 Shields
 - Level 10.0 Unarmed Combat
 - Level 2.0 Invocations
 - Level 1.0 Evocations


You had 9 spell levels left.
You didn't know any spells.

Dungeon Overview and Level Annotations

Branches:
Dungeon (8/15)             Temple (1/1) D:4            Lair (1/6) D:8

Altars:
Ashenzari
Cheibriados
Elyvilon
Gozag
Hepliaklqana
Kikubaaqudgha
Nemelex Xobeh
Qazlal
Ru
Trog
Uskayaw
Vehumet
Wu Jian
Xom
Zin

Shops:
D:6 (


Innate Abilities, Weirdness & Mutations

You are too large for most types of armour.
You have claws for hands.
Your metabolism is lightning-fast.
You like to eat raw meat.
Your natural rate of healing is unusually fast.
You are covered in fur. (AC +1)
You have very tough skin. (AC +2)


Message History

* * * LOW HITPOINT WARNING * * *
The 16-headed hydra barely misses you. The 16-headed hydra bites you.
* * * LOW HITPOINT WARNING * * *
The 16-headed hydra barely misses you. You block the 16-headed hydra's attack.
The 16-headed hydra completely misses you.
You block the 16-headed hydra's attack.
Unknown command.
You can no longer merge with and destroy a victim.
The 16-headed hydra bites you.
* * * LOW HITPOINT WARNING * * *
The 16-headed hydra bites you!
* * * LOW HITPOINT WARNING * * *
The 16-headed hydra bites you but does no damage.
The 16-headed hydra bites you!
* * * LOW HITPOINT WARNING * * *
You block the 16-headed hydra's attack. The 16-headed hydra barely misses you.
The 16-headed hydra bites you.
* * * LOW HITPOINT WARNING * * *
The 16-headed hydra bites you.
You die...

..####P####...#
. #.#####....##
#.....##..##
#......+...#
..#.........##
+......##..#
####...##..#
..######'#...#
...........@.#
...........D.#
.............#
.............#
.............#
.............#
.######.##...#
#########...#
#...........#


You could see a 16-headed hydra.

Vanquished Creatures
  A spiny frog (Lair:1)
  3 yaks (Lair:1)
  A basilisk (Lair:1)
  A human (D:7)
  4 hogs (D:7)
  A porcupine (Lair:1)
  A water moccasin (Lair:1)
  A sky beast (D:5)
  A black bear (D:7)
  2 ice beasts
  2 orc warriors (D:8)
  An ogre (D:8)
  The ghost of sankara the Grave Robber, an amateur DDNe (D:3)
  3 centaurs
  A necrophage (D:8)
  2 crocodiles
  4 bullfrogs
  2 scorpions
  4 killer bees (D:7)
  2 howler monkeys
  13 wights
  4 crimson imps
  2 bullfrog zombies
  2 hounds
  A bullfrog skeleton (D:5)
  A jelly (D:8)
  Crazy Yiuf (D:4)
  7 orc priests
  11 orc wizards
  An iguana (D:7)
  Natasha (D:1)
  3 worker ants
  A killer bee zombie (D:7)
  A howler monkey zombie (D:6)
  2 worker ant zombies
  A howler monkey skeleton (D:6)
  10 adders
  2 shadow imps
  2 oozes
  An adder skeleton (D:8)
  An adder zombie (D:7)
  5 worms
  6 dart slugs
  3 leopard geckos
  28 orcs
  7 bats
  5 giant cockroaches
  8 goblins
  8 hobgoblins
  16 jackals
  3 quokkas
  5 frilled lizards
  A jackal skeleton (D:3)
  5 kobolds
  A leopard gecko skeleton (D:8)
  A leopard gecko zombie (D:5)
  5 rats
213 creatures vanquished.

Vanquished Creatures (others)
  A goblin (D:2)
  A plant (Lair:1)
2 creatures vanquished.

Grand Total: 215 creatures vanquished

Notes
Turn   | Place    | Note
-------+----------+-------------------------------------------
     0 | D:1      | erloom the Troll Fighter began the quest for the Orb.
     0 | D:1      | Reached XP level 1. HP: 22/22 MP: 0/0
   237 | D:1      | Reached XP level 2. HP: 28/29 MP: 1/1
   381 | D:1      | Reached skill level 3 in Unarmed Combat
   736 | D:1      | Reached XP level 3. HP: 36/36 MP: 2/2
   823 | D:1      | Found a snail-covered altar of Cheibriados.
  1083 | D:2      | Noticed Natasha
  1105 | D:1      | Killed Natasha
  1105 | D:1      | Reached skill level 4 in Unarmed Combat
  1204 | D:2      | Reached XP level 4. HP: 44/44 MP: 3/3
  1360 | D:2      | Found a radiant altar of Vehumet.
  1848 | D:3      | Found an opulent altar of Gozag.
  1848 | D:3      | Found a sparkling altar of Nemelex Xobeh.
  1848 | D:3      | Noticed sankara's ghost (amateur DDNe)
  1856 | D:3      | Killed sankara's ghost
  1856 | D:3      | Reached skill level 5 in Unarmed Combat
  1856 | D:3      | Reached XP level 5. HP: 41/50 MP: 4/4
  1914 | D:3      | Reached skill level 6 in Unarmed Combat
  2069 | D:3      | Reached XP level 6. HP: 59/59 MP: 5/5
  2577 | D:4      | Reached skill level 7 in Unarmed Combat
  2735 | D:4      | Reached XP level 7. HP: 58/66 MP: 6/6
  2950 | D:4      | Found a staircase to the Ecumenical Temple.
  2960 | Temple   | Entered the Ecumenical Temple
  2974 | Temple   | Became a worshipper of Uskayaw the Reveler
  3062 | D:4      | Reached skill level 8 in Unarmed Combat
  3062 | D:4      | Reached * piety under Uskayaw
  3070 | D:4      | Reached ** piety under Uskayaw
  3174 | D:4      | Found a runed door.
  3250 | D:4      | Noticed Crazy Yiuf
  3255 | D:4      | Killed Crazy Yiuf
  3299 | D:5      | Entered Level 5 of the Dungeon
  3495 | D:5      | Reached skill level 9 in Unarmed Combat
  3975 | D:5      | Found a snail-covered altar of Cheibriados.
  4158 | D:6      | Reached XP level 8. HP: 74/74 MP: 7/7
  4191 | D:6      | Found Ulai's Antique Weapon Shoppe.
  4215 | D:6      | Reached *** piety under Uskayaw
  4220 | D:6      | Reached skill level 10 in Unarmed Combat
  4220 | D:6      | Reached **** piety under Uskayaw
  4362 | D:6      | Found an ancient bone altar of Kikubaaqudgha.
  4979 | D:7      | Reached skill level 5 in Fighting
  5229 | D:7      | Reached XP level 9. HP: 79/89 MP: 8/8
  5419 | D:7      | Found a white marble altar of Elyvilon.
  5421 | D:7      | Found a glowing silver altar of Zin.
  5422 | D:7      | Found an ornate altar of the Wu Jian Council.
  5423 | D:7      | Found a bloodstained altar of Trog.
  5424 | D:7      | Found a shattered altar of Ashenzari.
  5609 | D:7      | Reached ***** piety under Uskayaw
  6049 | D:8      | Reached skill level 1 in Invocations
  6059 | D:8      | Reached skill level 1 in Armour
  6206 | D:8      | Reached XP level 10. HP: 95/105 MP: 10/10
  6361 | D:8      | Found a staircase to the Lair.
  6641 | Lair:1   | Entered Level 1 of the Lair of Beasts
  6663 | Lair:1   | Reached skill level 1 in Evocations
  6776 | Lair:1   | Noticed a spiny frog
  6787 | Lair:1   | Killed a spiny frog
  6964 | Lair:1   | Noticed a five-headed hydra
  7004 | Lair:1   | HP: 2/106 [16-headed hydra (9)]
  7004 | Lair:1   | Slain by a 16-headed hydra

Vault maps used:
D:1:      minmay_arrival_widening_spiral_wide, cheibriados_altar_1
D:2:      fiery_altar_vehumet, uniq_natasha
D:3:      grunt_temple_overflow_opulence, first_ration, kennysheep_flooded_box
D:4:      temple_hall, uniq_crazy_yiuf_cottage
D:5:      basic_altar
D:6:      nicolae_overflow_crystal_walls, serial_shops, shop
D:7:      grunt_temple_overflow_open, grunt_livestock,
          hangedman_decor_peaks_small
D:8:      lair_entry_dummy
Temple:   nicolae_temple_god_jail
Lair:1:   statuecave_lemuel, beast_lair_carwin_2

Skill      XL: |  1  2  3  4  5  6  7  8  9 10 |
---------------+-------------------------------+-----
Unarmed Combat | 3 4 5 6 7 9 10 | 10.0
Fighting       | 6 8 9 |  9.6
Invocations    | 1 2 |  2.0
Armour         | 1 2 |  2.0
Dodging        | 3 |  3.0
Shields        | 3 |  3.0
Evocations     | 1 |  1.0

Action                   |  1- 3 |  4- 6 |  7- 9 | 10-12 || total
-------------------------+-------+-------+-------+-------++-------
Melee: Unarmed           |    68 |   141 |   308 |    87 ||   604
Evoke: Wand              |       |       |       |     6 ||     6
  Use: Potion            |       |     1 |       |       ||     1
       Scroll            |       |       |     6 |       ||     6
 Stab: Sleeping          |     2 |       |     1 |       ||     3
       Paralysed         |       |       |     7 |    13 ||    20
  Eat: Chunk             |    17 |    14 |    31 |     7 ||    69
Armor: Robe              |    22 |    12 |    59 |     5 ||    98
Dodge: Dodged            |    22 |    38 |    61 |    17 ||   138
Block: Shield            |    23 |    67 |   107 |    32 ||   229
       Large shield      |       |       |     1 |       ||     1

Table legend:
 A = Spawn XP
 B = Non-spawn XP
 C = Spawn XP percentage of total XP
 D = Spawn monster count
 E = Non-spawn monster count
 F = Spawn count percentage of total count
 G = Total turns spent on level
                    A         B        C        D         E        F      G
               +---------+---------+-------+---------+---------+-------+---------
         Total |       0 |    7742 |   0.0 |       0 |     213 |   0.0 |  7004
               +---------+---------+-------+---------+---------+-------+---------
           D:1 |       0 |      88 |   0.0 |       0 |      26 |   0.0 |  1136
           D:2 |       0 |      53 |   0.0 |       0 |      18 |   0.0 |   816
           D:3 |       0 |     382 |   0.0 |       0 |      30 |   0.0 |   624
           D:4 |       0 |     391 |   0.0 |       0 |      18 |   0.0 |   698
           D:5 |       0 |     461 |   0.0 |       0 |      17 |   0.0 |   845
           D:6 |       0 |     978 |   0.0 |       0 |      25 |   0.0 |   825
           D:7 |       0 |    1979 |   0.0 |       0 |      29 |   0.0 |   847
           D:8 |       0 |    1699 |   0.0 |       0 |      41 |   0.0 |   825
        Lair:1 |       0 |    1711 |   0.0 |       0 |       9 |   0.0 |   363
               +---------+---------+-------+---------+---------+-------+---------
